SNL (28 & UNDER)
SANTA FE DIABLOS @ WICHITA WRANGLERS
09/25/2030
 
TOP OF THE 1ST
Santa Fe Diablos batting - Pitching for Wichita Wranglers : RHP Fletcher Turner
Pitching: RHP Fletcher Turner
Batting: LHB David Hernández 0-0: Ball
1-0: Reached on error, E3 (Groundball, 3)
Batting: LHB Juan Torres 0-0: Called Strike
David Hernández steals 2nd base
0-1: Ball
1-1: Ball
2-1: Ground out 1-3 (Groundball, 13S)
David Hernández to third
Batting: RHB Ray Ervin 0-0: Ball
1-0: Ball
2-0: Ball
3-0: Base on Balls
Batting: LHB Arturo Rodledo 0-0: Ball
1-0: Called Strike
1-1: Foul Ball, location: 2F
1-2: Ball
2-2: Ball
3-2: Base on Balls
Ray Ervin to second
Batting: RHB Flint Todd 0-0: Ball
1-0: Ball
2-0: Called Strike
2-1: Foul Ball, location: 2F
2-2: Strikes out swinging
Batting: RHB Bruce Foley 0-0: Ball
1-0: Called Strike
1-1: Called Strike
1-2: Foul Ball, location: 2F
1-2: Foul Ball, location: 2F
1-2: DOUBLE (Line Drive, 8LD)
David Hernández scores
Ray Ervin scores
Arturo Rodledo to third
Batting: RHB Chris Rice 0-0: Swinging Strike
0-1: Ball
1-1: Ball
2-1: Foul Ball, location: 2F
2-2: Ball
3-2: Foul Ball, location: 2F
3-2: SINGLE (Groundball, 4MD)
Arturo Rodledo scores
Bruce Foley to third
Bruce Foley scores
Batting: SHB Ángel Díaz 0-0: Called Strike
0-1: Ball
1-1: SINGLE (Groundball, 34) (infield hit)
Chris Rice to second
Batting: RHB Luis Mercado 0-0: Called Strike
0-1: Foul Ball, location: 2F
0-2: Foul Ball, location: 2F
0-2: Fielders Choice at 2nd, 6-4 (Groundball, 6)
Top of the 1st over - 4 runs, 3 hits, 1 error, 2 left on base; Santa Fe 4 - Wichita 0
BOTTOM OF THE 1ST
Wichita Wranglers batting - Pitching for Santa Fe Diablos : RHP Josh Carson
Pitching: RHP Josh Carson
Batting: LHB Terry Neal 0-0: Ball
1-0: Ball
2-0: Foul Ball, location: 2F
2-1: Ball
3-1: Foul Ball, location: 2F
3-2: Base on Balls
Batting: RHB Henry Edwards 0-0: Called Strike
0-1: Swinging Strike
0-2: Ball
1-2: Ball
2-2: Foul Ball, location: 2F
2-2: SINGLE (Groundball, 6S) (infield hit)
Terry Neal to second
Batting: RHB Stan Taylor 0-0: Ball
1-0: Foul Ball, location: 2F
1-1: Swinging Strike
1-2: Ball
2-2: Strikes out swinging
Batting: LHB Chris Gibson 0-0: Ball
1-0: Ball
2-0: Swinging Strike
2-1: Fly out, F4 (Line Drive, 4)
Batting: RHB Taylor Justice 0-0: Called Strike
0-1: Ball
Wild Pitch!
Terry Neal to third
Henry Edwards to second
1-1: Fly out, F4 (Popup, 4)
Bottom of the 1st over - 0 runs, 1 hit, 0 errors, 2 left on base; Santa Fe 4 - Wichita 0
TOP OF THE 2ND
Santa Fe Diablos batting - Pitching for Wichita Wranglers : RHP Fletcher Turner
Batting: LHB David Hernández 0-0: Ball
1-0: Foul Ball, location: 2F
1-1: Foul Ball, location: 2F
1-2: Hit by Pitch
Batting: LHB Juan Torres 0-0: Ball
1-0: Foul Ball, location: 2F
1-1: Foul Ball, location: 2F
1-2: Fly out, F5 (Line Drive, 56S)
Batting: RHB Ray Ervin 0-0: Ball
1-0: SINGLE (Line Drive, 78S)
David Hernández to second
Batting: LHB Arturo Rodledo 0-0: Ball
1-0: Called Strike
1-1: Called Strike
1-2: Ball
2-2: Fly out, F8 (Flyball, 8RXD)
Runner from 2nd tags up, SAFE at 3rd, no throw
Batting: RHB Flint Todd 0-0: Foul Ball, location: 2F
0-1: Called Strike
0-2: Strikes out swinging
Top of the 2nd over - 0 runs, 1 hit, 0 errors, 2 left on base; Santa Fe 4 - Wichita 0
BOTTOM OF THE 2ND
Wichita Wranglers batting - Pitching for Santa Fe Diablos : RHP Josh Carson
Batting: RHB Hubert MacDonald 0-0: Ball
1-0: Fly out, F8 (Flyball, 8LS)
Batting: LHB Travis Jefferson 0-0: Called Strike
0-1: Ball
1-1: Ball
2-1: Swinging Strike
2-2: Strikes out looking
Batting: LHB José Guerrero 0-0: Ball
1-0: Foul Ball, location: 2F
1-1: Ground out 6-3 (Groundball, 6M)
Bottom of the 2nd over - 0 runs, 0 hits, 0 errors, 0 left on base; Santa Fe 4 - Wichita 0
TOP OF THE 3RD
Santa Fe Diablos batting - Pitching for Wichita Wranglers : RHP Fletcher Turner
Batting: RHB Bruce Foley 0-0: Called Strike
0-1: SINGLE (Groundball, 6D)
Batting: RHB Chris Rice 0-0: Foul Ball, location: 2F
0-1: Ball
1-1: Foul Ball, location: 2F
1-2: Foul Ball, location: 2F
1-2: Ball
2-2: Ball
3-2: Fielders Choice at 2nd, 1-6 (Groundball, P)
Batting: SHB Ángel Díaz 0-0: Ball
1-0: Grounds into double play, 4-6-3 (Groundball, 4M)
Top of the 3rd over - 0 runs, 1 hit, 0 errors, 0 left on base; Santa Fe 4 - Wichita 0
BOTTOM OF THE 3RD
Wichita Wranglers batting - Pitching for Santa Fe Diablos : RHP Josh Carson
Batting: RHB Travis Ezell 0-0: Called Strike
0-1: Ball
1-1: Foul Ball, location: 2F
1-2: Ball
2-2: Foul Ball, location: 2F
2-2: DOUBLE (Line Drive, 8RXD)
Batting: LHB Terry Neal 0-0: Ball
1-0: Ball
2-0: Ball
3-0: Called Strike
3-1: Base on Balls
Batting: RHB Henry Edwards 0-0: Ball
1-0: Called Strike
1-1: SINGLE (Line Drive, 78S)
Travis Ezell to third
Terry Neal to second
Batting: RHB Stan Taylor 0-0: Ball
1-0: Swinging Strike
1-1: Swinging Strike
1-2: Ground out 5-3 (Groundball, 56S)
Travis Ezell scores
Terry Neal to third
Henry Edwards to second
Batting: LHB Chris Gibson 0-0: SINGLE (Flyball, 34D)
Terry Neal scores
Henry Edwards to third
Batting: RHB Taylor Justice 0-0: Ground out 6-3 (Groundball, 6D)
Henry Edwards scores
Chris Gibson to second
Batting: RHB Hubert MacDonald 0-0: Ball
1-0: DOUBLE (Line Drive, 7LM)
Chris Gibson scores
Batting: LHB Travis Jefferson 0-0: Ball
1-0: Ball
2-0: Ball
3-0: Called Strike
3-1: Ground out 3-1 (Groundball, 23)
Bottom of the 3rd over - 4 runs, 4 hits, 0 errors, 1 left on base; Santa Fe 4 - Wichita 4
TOP OF THE 4TH
Santa Fe Diablos batting - Pitching for Wichita Wranglers : RHP Fletcher Turner
Batting: RHB Luis Mercado 0-0: Called Strike
0-1: Ground out 1-3 (Groundball, 15S)
Batting: LHB David Hernández 0-0: Ball
1-0: Called Strike
1-1: SINGLE (Groundball, 56D)
Pitching: RHP Stephen Copeland
Batting: LHB Juan Torres 0-0: Swinging Strike
0-1: Ball
1-1: Ball
2-1: Reached on error, E4 (Groundball, 34)
David Hernández to second
Batting: RHB Ray Ervin 0-0: Ball
1-0: Ball
Juan Torres is caught stealing 2nd base
2-0: Ball
3-0: Base on Balls
Batting: LHB Arturo Rodledo 0-0: Ball
1-0: Ball
2-0: Called Strike
2-1: Ball
3-1: Called Strike
3-2: Foul Ball, location: 2F
3-2: Base on Balls
Ray Ervin to second
Batting: RHB Flint Todd 0-0: Ball
1-0: SINGLE (Groundball, 56D)
David Hernández scores
Ray Ervin to third
Arturo Rodledo to second
Runner from 3rd tries for Home, SAFE, no throw
Batting: RHB Bruce Foley 0-0: Ball
1-0: Called Strike
1-1: Swinging Strike
1-2: Ball
2-2: Ball
3-2: Strikes out looking
Top of the 4th over - 2 runs, 2 hits, 1 error, 2 left on base; Santa Fe 6 - Wichita 4
BOTTOM OF THE 4TH
Wichita Wranglers batting - Pitching for Santa Fe Diablos : RHP Josh Carson
Batting: LHB José Guerrero 0-0: SINGLE (Line Drive, 9S)
Batting: RHB Travis Ezell 0-0: Called Strike
0-1: Ball
1-1: Ball
José Guerrero is caught stealing 2nd base
2-1: Foul Ball, location: 2F
2-2: Ground out 2-3 (Groundball, 2R)
Batting: LHB Terry Neal 0-0: Ball
1-0: Ball
2-0: Foul Ball, location: 2F
2-1: Foul Ball, location: 2F
2-2: Ball
3-2: Foul Ball, location: 2F
3-2: Base on Balls
Batting: RHB Henry Edwards 0-0: Called Strike
0-1: Ball
1-1: Fielders Choice at 2nd, 6-4 (Groundball, 6)
Bottom of the 4th over - 0 runs, 1 hit, 0 errors, 1 left on base; Santa Fe 6 - Wichita 4
TOP OF THE 5TH
Santa Fe Diablos batting - Pitching for Wichita Wranglers : RHP Stephen Copeland
Batting: RHB Chris Rice 0-0: Called Strike
0-1: Ball
1-1: Swinging Strike
1-2: Strikes out swinging
Batting: SHB Ángel Díaz 0-0: Foul Ball, location: 2F
0-1: Ball
1-1: Foul Ball, location: 2F
1-2: Strikes out swinging
Batting: RHB Luis Mercado 0-0: Swinging Strike
0-1: Called Strike
0-2: Strikes out looking
Top of the 5th over - 0 runs, 0 hits, 0 errors, 0 left on base; Santa Fe 6 - Wichita 4
BOTTOM OF THE 5TH
Wichita Wranglers batting - Pitching for Santa Fe Diablos : RHP Josh Carson
Batting: RHB Stan Taylor 0-0: Called Strike
0-1: Ball
1-1: Ball
2-1: SINGLE (Groundball, 25) (infield hit)
Batting: LHB Chris Gibson 0-0: Ball
1-0: Swinging Strike
1-1: SINGLE (Groundball, 56)
Stan Taylor to second
Pitching: RHP Héctor Rodríguez
Batting: RHB Taylor Justice 0-0: Called Strike
0-1: Ball
1-1: Ball
2-1: Ball
3-1: Base on Balls
Stan Taylor to third
Chris Gibson to second
Batting: RHB Hubert MacDonald 0-0: Ball
1-0: Called Strike
1-1: Ball
2-1: SINGLE (Groundball, 56D)
Stan Taylor scores
Chris Gibson to third
Taylor Justice to second
Batting: LHB Travis Jefferson 0-0: Ball
1-0: Fly out, F9 (Flyball, 9LMF)
Runner from 3rd tags up, SCORES, no throw
Batting: LHB José Guerrero 0-0: Called Strike
0-1: Called Strike
0-2: Ball
1-2: Foul Ball, location: 2F
1-2: Ground out 5-3 (Groundball, 56)
Taylor Justice to third
Hubert MacDonald to second
Batting: RHB Travis Ezell 0-0: Ball
1-0: Foul Ball, location: 2F
1-1: Ball
2-1: Foul Ball, location: 2F
2-2: Fly out, F8 (Flyball, 89M)
Bottom of the 5th over - 2 runs, 3 hits, 0 errors, 2 left on base; Santa Fe 6 - Wichita 6
TOP OF THE 6TH
Santa Fe Diablos batting - Pitching for Wichita Wranglers : RHP Stephen Copeland
Batting: LHB David Hernández 0-0: Hit by Pitch
Batting: LHB Juan Torres 0-0: Ball
1-0: Foul Ball, location: 2F
1-1: Foul Ball, location: 2F
1-2: Foul Ball, location: 2F
1-2: Ball
2-2: Ball
3-2: Fielders Choice at 2nd, 1-6 (Groundball, 13)
Batting: RHB Ray Ervin 0-0: Ball
1-0: Ball
2-0: Swinging Strike
2-1: Foul Ball, location: 2F
2-2: Fly out, F7 (Flyball, 7)
Batting: LHB Arturo Rodledo 0-0: Foul Ball, location: 2F
0-1: Ball
1-1: Foul Ball, location: 2F
1-2: Ball
2-2: Ball
3-2: SINGLE (Groundball, 56D)
Juan Torres to second
Juan Torres to third
Batting: RHB Flint Todd 0-0: Called Strike
0-1: Fly out, F7 (Flyball, 78S)
Top of the 6th over - 0 runs, 1 hit, 0 errors, 2 left on base; Santa Fe 6 - Wichita 6
BOTTOM OF THE 6TH
Wichita Wranglers batting - Pitching for Santa Fe Diablos : RHP Héctor Rodríguez
Batting: LHB Terry Neal 0-0: Ball
1-0: Ball
2-0: Called Strike
2-1: Fly out, F6 (Line Drive, 6M)
Batting: RHB Henry Edwards 0-0: SINGLE (Flyball, 78S)
Batting: RHB Stan Taylor 0-0: Ball
1-0: Called Strike
1-1: DOUBLE (Line Drive, 78D)
Henry Edwards to third
Runner from 3rd tries for Home, SAFE, no throw
Batting: LHB Chris Gibson 0-0: Called Strike
Stan Taylor steals 3rd base
0-1: Ball
1-1: Swinging Strike
1-2: Ball
2-2: Foul Ball, location: 2F
2-2: Strikes out looking
Pitching: RHP Ted Stuart
Batting: RHB Taylor Justice 0-0: Ground out 1-3 (Groundball, 15S)
Bottom of the 6th over - 1 run, 2 hits, 0 errors, 1 left on base; Santa Fe 6 - Wichita 7
TOP OF THE 7TH
Santa Fe Diablos batting - Pitching for Wichita Wranglers : RHP Stephen Copeland
Batting: RHB Bruce Foley 0-0: Called Strike
0-1: Ball
1-1: Called Strike
1-2: Ball
2-2: SINGLE (Groundball, 6D)
Pitching: LHP Dave McCoy
Batting: RHB Chris Rice 0-0: Called Strike
0-1: SINGLE (Groundball, 3D)
Bruce Foley to second
Runner from 2nd tries for 3rd, SAFE, no throw
Pinch Hitting: RHB Nick Vogel 0-0: Ball
1-0: Ball
2-0: Ground out 4-3 (Groundball, 4)
Chris Rice to second
Batting: RHB Luis Mercado 0-0: Ball
1-0: Foul Ball, location: 2F
1-1: Ball
2-1: Ground out 4-3 (Groundball, 4)
Pinch Hitting: RHB Frank Martínez 0-0: Swinging Strike
0-1: Ball
1-1: Ground out 6-3 (Groundball, 6S)
Top of the 7th over - 0 runs, 2 hits, 0 errors, 2 left on base; Santa Fe 6 - Wichita 7
BOTTOM OF THE 7TH
Wichita Wranglers batting - Pitching for Santa Fe Diablos : RHP Ted Stuart
Now at SS: Frank Martínez
Now in CF: Carl O'Dell
Batting: RHB Hubert MacDonald 0-0: Called Strike
0-1: Ball
1-1: Ball
2-1: Ground out 6-3 (Groundball, 6)
Batting: LHB Travis Jefferson 0-0: Ground out U3 (Groundball, 3L)
Batting: LHB José Guerrero 0-0: Ground out 4-3 (Groundball, 4)
Bottom of the 7th over - 0 runs, 0 hits, 0 errors, 0 left on base; Santa Fe 6 - Wichita 7
TOP OF THE 8TH
Santa Fe Diablos batting - Pitching for Wichita Wranglers : LHP Dave McCoy
Now at C: Mauro Paredes
Batting: LHB Juan Torres 0-0: Ball
1-0: Swinging Strike
1-1: Swinging Strike
1-2: Ball
2-2: Strikes out looking
Batting: RHB Ray Ervin 0-0: Fly out, F6 (Line Drive, 56D)
Batting: LHB Arturo Rodledo 0-0: Called Strike
0-1: Foul Ball, location: 2F
0-2: Ball
1-2: Strikes out swinging
Top of the 8th over - 0 runs, 0 hits, 0 errors, 0 left on base; Santa Fe 6 - Wichita 7
BOTTOM OF THE 8TH
Wichita Wranglers batting - Pitching for Santa Fe Diablos : RHP Ted Stuart
Batting: RHB Travis Ezell 0-0: Called Strike
0-1: Fly out, F9 (Flyball, 9LMF)
Batting: LHB Terry Neal 0-0: Foul Ball, location: 2F
0-1: Fly out, F2 (Popup, 25F)
Batting: RHB Henry Edwards 0-0: Ball
1-0: Foul Ball, location: 2F
1-1: Ball
2-1: Fly out, F8 (Flyball, 8LD)
Bottom of the 8th over - 0 runs, 0 hits, 0 errors, 0 left on base; Santa Fe 6 - Wichita 7
TOP OF THE 9TH
Santa Fe Diablos batting - Pitching for Wichita Wranglers : LHP Dave McCoy
Pitching: LHP Pedro Rodríguez
Now in RF: Dan Dunn
Batting: RHB Flint Todd 0-0: Swinging Strike
0-1: Swinging Strike
0-2: Strikes out swinging
Batting: RHB Bruce Foley 0-0: Called Strike
0-1: Foul Ball, location: 2F
0-2: SINGLE (Line Drive, 9S)
Pinch Runner at 1st Ed Dundee:
Batting: RHB Chris Rice 0-0: Ball
1-0: Ball
2-0: Ball
3-0: Called Strike
3-1: SINGLE (Line Drive, 6D)
Ed Dundee to second
Runner from 2nd tries for 3rd, OUT!
Pinch Hitting: RHB Mike Martin 0-0: Ball
1-0: Foul Ball, location: 2F
1-1: Foul Ball, location: 2F
1-2: Ball
2-2: Ball
3-2: SINGLE (Groundball, 34D)
Chris Rice to second
Chris Rice to third
Batting: RHB Luis Mercado 0-0: Ball
1-0: Foul Ball, location: 2F
1-1: Fly out, F7 (Flyball, 7LS)
Top of the 9th over - 0 runs, 3 hits, 0 errors, 2 left on base; Santa Fe 6 - Wichita 7
Saturday, April 7th, 2018 - OOTP Baseball 18.8 Build 76